 Dungeon Crawl Stone Soup version 0.17-a0-1714-g35622ae (webtiles) character file.

11851 CHEIROBIN the Cleaver (level 11, -6/95 HPs)
             Began as a Minotaur Fighter on Aug 23, 2015.
             Was the Champion of Cheibriados.
             Mangled by a troll (9 damage)
             ... while paralysed by an orc sorcerer
             ... on level 3 of the Orcish Mines.
             The game lasted 00:09:37 (7536 turns).

CHEIROBIN the Cleaver (Minotaur Fighter)            Turns: 7536, Time: 00:09:38

Health: -6/95      AC: 16    Str: 38    XL:     11   Next: 54%
Magic:  9/14       EV:  2    Int: 20    God:    Cheibriados [******]
Gold:   1403       SH:  0    Dex: 26    Spells: 0 memorised, 10 levels left

rFire  . . .     SeeInvis .     a - +1 war axe
rCold  . . .     Clarity  .     b - +0 plate armour
rNeg   + . .     SustAt   .     c - +0 shield
rPois  .         Gourm    .     (helmet restricted)
rElec  .         Spirit   .     (no cloak)
rCorr  .         Warding  .     (no gloves)
rMut   .         Stasis   .     y - +1 pair of boots
MR     .....                    (no amulet)
Stlth  ..........               (no ring)
                                i - ring of positive energy

@: paralysed, very slow, not resistant to hostile enchantments, extremely
unstealthy
A: retaliatory headbutt, horns 2
a: Bend Time, Temporal Distortion, Slouch, Step From Time, Renounce Religion


You were on level 3 of the Orcish Mines.
You worshipped Cheibriados.
Cheibriados was exalted by your worship.
You were full.

You visited 2 branches of the dungeon, and saw 13 of its levels.

You collected 1451 gold pieces.
You spent 48 gold pieces at shops.


Innate Abilities, Weirdness & Mutations

You reflexively headbutt those who attack you in melee.
You have a pair of horns on your head.


   Skills:
 - Level 8.8 Fighting
 + Level 13.0 Axes
 - Level 8.9 Armour
 + Level 10.9 Dodging
 - Level 3.6 Shields
 + Level 5.4 Invocations


You had 10 spell levels left.
You didn't know any spells.

Dungeon Overview and Level Annotations

Branches:
Dungeon (10/15)            Temple (0/1) D:4            Lair (0/8) D:10
    Orc (3/4) D:10
    Elf: Orc:3-4

Altars:
Ashenzari
Cheibriados
Elyvilon
Nemelex Xobeh
Qazlal
Ru
Sif Muna
The Shining One

Shops:
D:4 [   D:6 %   D:8 *

Annotations:
D:1 1 runed door

Inventory:

Hand weapons
 a - a +1 war axe (weapon)
Armour
 b - a +0 plate armour (worn)
   (You found it on level 7 of the Dungeon)
 c - a +0 shield (worn)
 y - a +1 pair of boots (worn)
   (You found it on level 6 of the Dungeon)
Magical staves
 w - an uncursed staff of earth {unknown}
   (You found it on level 10 of the Dungeon)
Jewellery
 i - a ring of positive energy (left hand)
   (You found it on level 1 of the Dungeon)
Magical devices
 k - a wand of paralysis (5)
   (You found it on level 8 of the Dungeon)
 q - a wand of confusion (21)
   (You took it off an orc on level 5 of the Dungeon)
Scrolls
 g - a scroll of fog {unknown}
 l - 3 scrolls of amnesia
 m - a scroll of random uselessness {unknown}
 o - 2 scrolls of enchant weapon
 s - 3 scrolls of blinking
 t - a scroll of magic mapping
 v - a scroll of torment {unknown}
 x - 4 scrolls of teleportation {unknown}
 A - 5 scrolls of immolation {!r}
 B - a scroll of recharging {unknown}
 D - a scroll of enchant armour {unknown}
 E - 3 scrolls of fear {unknown}
Potions
 d - a potion of might
 f - a potion of agility
 h - a potion of invisibility {unknown}
 j - 4 potions of curing
 n - a potion of heal wounds {unknown}
 p - a potion of haste {unknown}
 r - a potion of cancellation {unknown}
 z - 3 potions of magic
 C - 2 potions of brilliance
Comestibles
 e - 5 bread rations
 u - 2 meat rations

####....## #....##
###.######
##..#..##.## ## #
#..........###.##.#
##..........#......
#...........#.#
##<.........O.##.#.
##.......)@o35....
##.......T#55..#.
##.#....#o..###
#<...)..##o##
...)oo... ..
.......[. ..
#......o. ...
.)...o> ...


You could see an orc knight, a troll, a ynoxinul, 2 orc sorcerers, an orc
warrior (frenzied), an ogre, 3 orcs and 3 ufetubi.


Message History

You slash the orc!
You kill the orc!
Cheibriados appreciates the change of pace.
The orc knight roars a battlecry!
The orc warriors go into a battle-frenzy!
An orc priest comes into view. It is wielding a flail.
An orc comes into view. It is wielding a short sword.
The orc shouts!
The orc priest shouts!
The orc knight roars a battlecry!
The orc goes into a battle-frenzy!
The orc knight hits you with a battleaxe!!
You hear a shout!
Found a stone staircase leading down.
An orc comes into view.
Unknown command.
Unknown command.
The orc shouts!
You hit the orc knight but do no damage.
You headbutt the orc knight.
The orc knight is lightly wounded.
The orc sorcerer casts a spell.
The orc sorcerer casts a spell at you. The bolt of fire hits you!
An orc and a troll come into view.
Unknown command.
Use which ability? (? or * to list)
You can feel time thicken for a moment.
You kill the orc warrior!
Cheibriados appreciates the change of pace.
Your Axes skill increases to level 13!
You kill the orc priest!
Cheibriados thoroughly appreciates the change of pace.
You kill the orc!
Cheibriados appreciates the change of pace.
You kill the orc!
Cheibriados thoroughly appreciates the change of pace.
You kill the orc!
Cheibriados thoroughly appreciates the change of pace.
You feel somewhat less full. The orc sorcerer casts a spell at you.
You suddenly lose the ability to move!
The orc knight hits you but does no damage.
The ogre hits you with a giant spiked club.
An orc warrior comes into view. It is wielding a short sword.
The orc warrior shouts!
The orc knight hits you but does no damage.
An orc comes into view.
The orc sorcerer gestures wildly while chanting.
The ogre hits you with a giant spiked club!!
* * * LOW HITPOINT WARNING * * *
You hear a blaring wail to the south.
The orc knight roars a battlecry!
The orcs go into a battle-frenzy!
The orc knight hits you with a battleaxe.
* * * LOW HITPOINT WARNING * * *
You hear a shout! x9
You hear a howl!
You hear a shout!
You hear a shout!
You hear a shout!
You hear a shout! x6
You hear a howl!
You hear a shout!
You hear a shout!
You hear a shout!
You hear a shout! x2
The ogre hits you but does no damage. The troll bites you but does no damage.
The troll claws you but does no damage. The troll claws you.
* * * LOW HITPOINT WARNING * * *
The ynoxinul gestures.
An orc comes into view. It is wielding a dagger.
The orc knight hits you with a battleaxe!
* * * LOW HITPOINT WARNING * * *
The troll bites you!
* * * LOW HITPOINT WARNING * * *
The troll claws you!
You die...

Action                   |  1- 3 |  4- 6 |  7- 9 | 10-12 || total
-------------------------+-------+-------+-------+-------++-------
Melee: War axe           |    82 |    70 |   250 |   313 ||   715
Invok: Slouch            |       |       |       |     1 ||     1
  Use: Scroll            |       |     1 |     5 |     3 ||     9
       Potion            |       |       |       |     2 ||     2
  Eat: Beef jerky        |     1 |       |       |       ||     1
       Meat ration       |       |     1 |       |     2 ||     3
       Fruit             |       |       |     3 |     1 ||     4
       Pizza             |       |       |     1 |       ||     1
       Chunk             |       |       |     4 |       ||     4

Vault maps used:
D:1:      dpeg_arrival_caged_fury
D:2:      tso_oasis_becter, lemuel_round_altar, ecumenical_altar_1,
          nicolae_ru_the_path_less_chosen, uniq_robin
D:3:      minmay_misc_feat_encased, kennysheep_flooded_box
D:4:      nicolae_overflow_crystal_walls, kennysheep_mini_moat,
          minmay_temple_entry_statues_fountains, serial_shops, shop,
          serial_forest, infiniplex_forest_end_2, infiniplex_forest_corner_1,
          infiniplex_forest_clump_curved, infiniplex_forest_split,
          infiniplex_forest_clump_medium, infiniplex_forest_lined_1,
          first_bread, uniq_blork_the_orc
D:5:      led_sif_pool, uniq_menkaure, uniq_pikel
D:6:      nicolae_qazlal_eye_of_the_storm, serial_shops, shop
D:7:      forest_paths
D:8:      lemuel_doored_altar, serial_shops,
          nicolae_shop_competitors_out_of_business
D:9:      serial_shops, shop_fountains, grunt_ogre_cave
D:10:     erik_lair_orcish_takeover, hiddenorc2_lemuel
Orc:2:    minmay_goldmine, nicolae_orc_lava_room, uniq_maud
Orc:3:    nicolae_orc_pool_cavern

Notes
Turn   | Place    | Note
--------------------------------------------------------------
     0 | D:1      | CHEIROBIN the Minotaur Fighter began the quest for the Orb.
     0 | D:1      | Reached XP level 1. HP: 19/19 MP: 0/0
     1 | D:1      | Found a runed door.
    66 | D:1      | Reached skill level 3 in Axes
    74 | D:1      | Reached XP level 2. HP: 27/27 MP: 1/1
    77 | D:1      | Reached skill level 4 in Fighting
   322 | D:2      | Found a faded altar to an unknown god.
   383 | D:2      | Found a glowing golden altar of the Shining One.
   463 | D:2      | Noticed Robin
   467 | D:2      | Reached XP level 3. HP: 33/33 MP: 2/2
   473 | D:2      | Killed Robin
   477 | D:2      | Reached skill level 4 in Axes
   513 | D:2      | Found a white marble altar of Elyvilon.
   580 | D:2      | Found a sacrificial altar of Ru.
   691 | D:3      | Reached XP level 4. HP: 22/41 MP: 3/3
   748 | D:3      | Reached skill level 5 in Fighting
   822 | D:3      | Reached skill level 5 in Axes
   822 | D:3      | Reached XP level 5. HP: 45/48 MP: 4/4
  1227 | D:4      | Found a snail-covered altar of Cheibriados.
  1251 | D:4      | Became a worshipper of Cheibriados the Contemplative
  1371 | D:4      | Found Noloul's Armour Shop.
  1527 | D:4      | Noticed Blork the orc
  1534 | D:4      | Killed Blork the orc
  1534 | D:4      | Reached skill level 6 in Fighting
  1534 | D:4      | Reached skill level 1 in Dodging
  1534 | D:4      | Reached XP level 6. HP: 50/57 MP: 5/5
  1577 | D:4      | Found a staircase to the Ecumenical Temple.
  1902 | D:4      | Found a sparkling altar of Nemelex Xobeh.
  2110 | D:5      | Entered Level 5 of the Dungeon
  2173 | D:5      | Noticed Menkaure
  2179 | D:5      | Killed Menkaure
  2179 | D:5      | Reached skill level 6 in Axes
  2179 | D:5      | Reached skill level 2 in Dodging
  2442 | D:5      | Reached XP level 7. HP: 46/64 MP: 6/6
  2466 | D:5      | Reached skill level 3 in Dodging
  2471 | D:5      | Reached skill level 7 in Fighting
  2497 | D:5      | Acquired Cheibriados's first power
  2611 | D:5      | Noticed Pikel
  2619 | D:5      | Killed Pikel
  2619 | D:5      | Reached skill level 8 in Fighting
  2619 | D:5      | Reached skill level 7 in Axes
  2619 | D:5      | Reached skill level 4 in Dodging
  2619 | D:5      | Reached XP level 8. HP: 59/74 MP: 7/7
  2702 | D:5      | Found a deep blue altar of Sif Muna.
  2922 | D:6      | Reached skill level 5 in Dodging
  3043 | D:6      | Reached skill level 8 in Axes
  3214 | D:6      | Found a stormy altar of Qazlal.
  3322 | D:6      | Found Edotywk's Food Boutique.
  3579 | D:7      | Reached skill level 4 in Armour
  3630 | D:7      | Reached skill level 6 in Dodging
  3651 | D:7      | Reached skill level 9 in Axes
  3651 | D:7      | Reached XP level 9. HP: 82/82 MP: 8/8
  3656 | D:7      | Reached skill level 5 in Armour
  3780 | D:7      | Reached skill level 7 in Dodging
  3826 | D:7      | Reached skill level 6 in Armour
  3880 | D:7      | Acquired Cheibriados's second power
  3941 | D:7      | Reached skill level 10 in Axes
  4324 | D:8      | Found a shattered altar of Ashenzari.
  4408 | D:8      | Reached skill level 7 in Armour
  4452 | D:8      | Reached skill level 8 in Dodging
  4467 | D:8      | Found Mud Fouc's General Store.
  4475 | D:8      | Bought a potion of curing for 48 gold pieces
  4822 | D:8      | Acquired Cheibriados's third power
  5039 | D:9      | Reached XP level 10. HP: 55/90 MP: 9/9
  5137 | D:10     | Entered Level 10 of the Dungeon
  5141 | D:10     | Noticed bohran's ghost (experienced MiHu)
  5155 | D:10     | HP: 14/90 [bohran's ghost (11)]
  5161 | D:10     | HP: 11/90 [bohran's ghost (2)]
  5163 | D:10     | Killed bohran's ghost
  5163 | D:10     | Reached skill level 11 in Axes
  5163 | D:10     | Reached skill level 8 in Armour
  5248 | D:10     | Reached skill level 9 in Dodging
  5473 | D:10     | Reached skill level 1 in Invocations
  5488 | D:10     | Noticed a hill giant
  5495 | D:10     | Killed a hill giant
  5495 | D:10     | Acquired Cheibriados's fourth power
  5495 | D:10     | Reached skill level 2 in Invocations
  5704 | D:10     | Found a staircase to the Lair.
  5710 | D:10     | Reached skill level 3 in Invocations
  5712 | D:10     | Reached skill level 12 in Axes
  5718 | D:10     | HP: 19/90 [orc priest/divine providence (13)]
  5721 | D:10     | Reached skill level 10 in Dodging
  6011 | D:10     | Noticed a hill giant
  6017 | D:10     | Killed a hill giant
  6017 | D:10     | Reached XP level 11. HP: 86/95 MP: 12/12
  6124 | D:10     | HP: 19/95 [orc priest/divine providence (10)]
  6205 | D:10     | Found a staircase to the Orcish Mines.
  6400 | Orc:1    | Entered Level 1 of the Orcish Mines
  6555 | Orc:2    | Reached skill level 4 in Invocations
  6627 | Orc:2    | Noticed Maud
  6649 | Orc:2    | Killed Maud
  6852 | Orc:2    | Reached skill level 5 in Invocations
  7532 | Orc:3    | Reached skill level 13 in Axes
  7532 | Orc:3    | Paralysed by an orc sorcerer for 6 turns
  7534 | Orc:3    | HP: 23/95 [orc knight/battleaxe (5)]
  7536 | Orc:3    | HP: 10/95 [orc knight/battleaxe (7)]
  7536 | Orc:3    | HP: 3/95 [troll (7)]
  7536 | Orc:3    | Mangled by a troll

Vanquished Creatures
  Maud (Orc:2)
  The ghost of bohran the Cruncher, an experienced MiHu of Yredelemnul (D:10)
  Pikel (D:5)
  2 hill giants (D:10)
  A centaur zombie (D:10)
  A trapdoor spider zombie (D:8)
  6 yaks (D:10)
  2 hungry ghosts
  Menkaure (D:5)
  A mottled dragon (D:10)
  A hippogriff (D:7)
  3 wargs
  6 ogres
  17 orc warriors
  4 ice beasts (D:7)
  4 centaurs
  2 big kobolds
  Blork the orc (D:4)
  4 giant frogs
  A gnoll sergeant (D:7)
  A wyvern zombie (D:7)
  3 scorpions
  10 killer bees
  A jelly (D:7)
  2 quasits
  21 orc priests
  A giant frog zombie (D:5)
  A gnoll shaman (D:7)
  4 hounds
  2 iguanas
  5 crimson imps
  21 orc wizards
  A giant frog skeleton (D:10)
  7 worker ants
  A hound skeleton (D:7)
  3 gnolls (D:5)
  Robin (D:2)
  2 worker ant zombies
  10 adders
  3 shadow imps (D:7)
  An ooze (D:2)
  An adder skeleton (D:7)
  A worm (D:3)
  An adder zombie (D:7)
  3 giant geckos
  116 orcs
  2 ball pythons
  3 bats
  3 giant cockroaches
  9 hobgoblins
  15 jackals
  4 quokkas
  A giant gecko zombie (D:6)
  3 giant newts
  16 goblins
  6 kobolds
  2 rats
347 creatures vanquished.

Vanquished Creatures (others)
  A slave (D:5)
  A hound (D:6)
  A gnoll (D:5)
3 creatures vanquished.

Grand Total: 350 creatures vanquished

Vault maps used:
D:1:      dpeg_arrival_caged_fury
D:2:      tso_oasis_becter, lemuel_round_altar, ecumenical_altar_1,
          nicolae_ru_the_path_less_chosen, uniq_robin
D:3:      minmay_misc_feat_encased, kennysheep_flooded_box
D:4:      nicolae_overflow_crystal_walls, kennysheep_mini_moat,
          minmay_temple_entry_statues_fountains, serial_shops, shop,
          serial_forest, infiniplex_forest_end_2, infiniplex_forest_corner_1,
          infiniplex_forest_clump_curved, infiniplex_forest_split,
          infiniplex_forest_clump_medium, infiniplex_forest_lined_1,
          first_bread, uniq_blork_the_orc
D:5:      led_sif_pool, uniq_menkaure, uniq_pikel
D:6:      nicolae_qazlal_eye_of_the_storm, serial_shops, shop
D:7:      forest_paths
D:8:      lemuel_doored_altar, serial_shops,
          nicolae_shop_competitors_out_of_business
D:9:      serial_shops, shop_fountains, grunt_ogre_cave
D:10:     erik_lair_orcish_takeover, hiddenorc2_lemuel
Orc:2:    minmay_goldmine, nicolae_orc_lava_room, uniq_maud
Orc:3:    nicolae_orc_pool_cavern
